 Dungeon Crawl Stone Soup version 0.26.1-11-gd32895ea62 (webtiles) character file.

Game seed: 6391662614021655203

98 H0rd4k the Charlatan (level 5, -2/37 HPs)
             Began as a Human Artificer on Apr 20, 2021.
             Slain by a sky beast (6 damage)
             ... on level 3 of the Dungeon.
             The game lasted 00:03:07 (2716 turns).

H0rd4k the Charlatan (Human Artificer)              Turns: 2716, Time: 00:03:08

Health: -2/37      AC:  4    Str: 13    XL:     5   Next: 1%
Magic:  5/5        EV:  9    Int: 11    God:
Gold:   86         SH:  0    Dex: 14    Spells: 4/4 levels left

rFire    . . .     SeeInvis .   m - +1 dagger (elec)
rCold    . . .     Faith    .   (no shield)
rNeg     . . .     Spirit   .   n - -2 scale mail
rPois    .         Reflect  .   (no helmet)
rElec    .         Harm     .   (no cloak)
rCorr    .         Rampage  .   (no gloves)
Will     .....                  (no boots)
Stlth    +.........             (no amulet)
HPRegen  0.12/turn              (no ring)
MPRegen  0.09/turn              (no ring)

@: no status effects
A: no striking features
a: no special abilities


You were on level 3 of the Dungeon.
You visited 1 branch of the dungeon, and saw 3 of its levels.

You collected 86 gold pieces.

Inventory:

Hand Weapons
 j - a +0 dagger
 m - a +1 dagger of electrocution (weapon)
Armour
 b - a +0 leather armour
 n - a -2 scale mail (worn)
Jewellery
 k - an uncursed amulet of magic regeneration
Wands
 c - a wand of flame (14) (quivered)
 d - a wand of enslavement (14)
 e - a wand of random effects (15)
Scrolls
 o - 4 scrolls of identify {unknown}
 p - a scroll of amnesia
 q - a scroll of remove curse
Potions
 a - a potion of flight {unknown}
 f - a potion of cancellation {unknown}
 g - 2 potions of curing {unknown}
 h - 2 potions of resistance {unknown}
 i - a potion of lignification {unknown}
 l - 2 potions of ambrosia {unknown}


   Skills:
 + Level 1.3 Fighting
 + Level 1.4 Short Blades
 + Level 2.7 Armour
 + Level 1.7 Dodging
 + Level 1.6 Stealth
 + Level 3.9 Evocations


You had 4 spell levels left.
You didn't know any spells.
Your spell library was empty.

Dungeon Overview and Level Annotations

Branches:
Dungeon (3/15)

Altars:


Message History

A kobold comes into view.
You miss the sky beast.
The sky beast is almost dead.
The kobold shouts!
The sky beast hits you. The sky beast shocks you.
* * * LOW HITPOINT WARNING * * *
The kobold drinks a potion.
The kobold goes berserk!
You completely miss the sky beast.
The sky beast is almost dead.
The kobold rages.
The sky beast closely misses you.
Aiming: Throw Flame
Press: ? - help, Shift-Dir - straight line, f/p - sky beast
Aim: a sky beast (almost dead, 40% to evade)
The puff of flame hits the sky beast.
The sky beast is almost dead.
The sky beast hits you.
* * * LOW HITPOINT WARNING * * *
The sky beast shocks you.
You die...

######.# .......#
#######################.
#...........>...........
#..#.###........#######.
#.....##........#
#.....##........#
......##........#########
##....##........@YK......
......##........##.......
###...########### .######
#...# g. #...# ... #...#
.... #...# ..... ...#
......


You could see a sky beast and a kobold (berserk).

Vanquished Creatures
  2 adders
  A worm (D:2)
  A dart slug (D:2)
  A leopard gecko (D:1)
  8 orcs (D:3)
  9 bats
  4 giant cockroaches
  5 goblins
  3 hobgoblins
  8 kobolds
  5 ball pythons
  7 frilled lizards
  10 rats
64 creatures vanquished.

Vanquished Creatures (collateral kills)
  A worm (D:3)
1 creature vanquished.

Vanquished Creatures (others)
  3 plants (D:1)
  3 withered plants (D:3)
6 creatures vanquished.

Grand Total: 71 creatures vanquished

Notes
Turn   | Place    | Note
-------+----------+-------------------------------------------
     0 | D:1      | H0rd4k the Human Artificer began the quest for the Orb.
     0 | D:1      | Reached XP level 1. HP: 15/15 MP: 1/1
   218 | D:1      | Reached XP level 2. HP: 11/21 MP: 2/2
   975 | D:1      | Reached XP level 3. HP: 26/26 MP: 3/3
  1974 | D:2      | Reached XP level 4. HP: 29/32 MP: 4/4
  1987 | D:2      | Reached skill level 1 in Short Blades
  2677 | D:3      | Noticed a sky beast
  2711 | D:3      | Reached XP level 5. HP: 20/37 MP: 5/5
  2716 | D:3      | Slain by a sky beast

Illustrated notes

Levels and vault maps discovered:
D:1:      saegor_arrival_under_anarchy, layout_basic, serial_forest,
          infiniplex_forest_clump_curved, infiniplex_forest_zigzag_2,
          infiniplex_forest_end_3, infiniplex_forest_clump_long,
          infiniplex_forest_lined_room_2, infiniplex_forest_clump_diagonal,
          infiniplex_forest_corner_2, infiniplex_forest_clump_tiny,
          infiniplex_forest_lined_2, infiniplex_forest_lined_room_2,
          minmay_misc_feat_chi, minmay_misc_feat_diagonals, serial_park_tiny_1,
          minmay_split_cup_small
D:2:      layout_basic
D:3:      lemuel_upstairs_altar, layout_basic, kiku_gazebo_garden_becter

Skill      XL: |  1  2  3  4 |
---------------+-------------+-----
Short Blades   | 1 |  1.4
Fighting       | |  1.3
Armour         | |  2.7
Dodging        | |  1.7
Stealth        | |  1.6
Evocations     | |  3.9

Action                   |  1- 3 |  4- 6 || total
-------------------------+-------+-------++-------
Melee: Club              |    28 |       ||    28
       Dagger            |   131 |    84 ||   215
Evoke: Wand              |       |     2 ||     2
  Use: Scroll            |     1 |     2 ||     3
 Stab: Sleeping          |     3 |       ||     3
       Betrayed ally     |       |     1 ||     1
Armor: Leather armour    |    24 |       ||    24
       Scale mail        |    30 |    21 ||    51
Dodge: Dodged            |    88 |    27 ||   115
